cohdb
Replays
Latest Replays
All Replays
Popular Replays
Top Player Replays
Match Explorer
How It Works
Community
CoH3 Stats
Reddit
Sign in to upload your games and track your stats! →
Sign in with Steam
Match 25690801
Unlisted
Match 25690801
Overview
Messages
Build Orders
End
Construct Section Command Post
Infantry Section
Infantry Section
Infantry Section
Dingo Light Scout Car
Selects Indian Artillery Battlegroup
Selects War Cry
Selects Gurkha Rifles Section
Gurkha Rifles Section
Construct Platoon Command Post
Grenade Package
Unlock M3 Stuart Light Tanks
M3 Stuart Light Tank
Selects Towed ML 4.2-inch Heavy Mortar
6-pounder Anti-tank Gun Team
6-pounder Anti-tank Gun Team
Construct Company Command Post
CMP 15cwt Truck
Selects Volunteer Infantry
Matilda II Heavy Tank
Selects Off-map Airburst Barrage
Off-map Airburst Barrage
Foot Guards Section
Matilda II Heavy Tank
Off-map Airburst Barrage
Matilda II Heavy Tank
Unlock M3 Grant Medium Tanks
M3 Grant Medium Tank
Off-map Airburst Barrage
SneaKerz
gb_gbg
Albalio
GotchaSucker
0
0
Comments
sign in to comment!
No comments posted yet!